AoeStats
← nosta24k

Arena

504604692Analyzed
3v3 RM · 27d ago on Sep 5, 2026· 53m 12s· 6 players
Game mode
Random Map
Map size
Normal (6 player)
Population
200
Speed
Normal
Resources
Standard
Victory
Conquest
Starting age
Dark Age
Ending age
Imperial Age
RankedLock teamsTeams togetherTeam positionsShared explorationLock speedFull tech treeHidden civsTurbo modeCheats
Victory
Defeat
🇲🇽 Bohemians · Mexico
1086
+14
🇦🇷 Italians · Argentina
1067
+15
🇺🇸 Mongols · United States
1038
+16
🇺🇸 Teutons · United States
1099
-18
🇨🇱 Spanish · Chile
1070
-16
🇨🇴 Cumans · Colombia
951
-11
FarmeandoAsado
10:05 Feudal Age
14:54 Castle Age
13:44 Loom
POOPDAD
2:34 Loom
11:23 Feudal Age
11:58 Double-Bit Axe
23:36 Castle Age
22:30 Fletching
25:30 Crossbowman
28:45 Wheelbarrow
30:30 Bodkin Arrow
30:46 Husbandry
31:35 Hand Cart
32:12 Town Watch
32:56 Padded Archer Armor
34:50 Leather Archer Armor
34:56 Horse Collar
36:10 Scale Barding Armor
36:37 Ballistics
41:57 Imperial Age
41:43 Scale Barding Armor
41:49 Forging
41:54 Bloodlines
41:06 Light Cavalry
41:23 Pikeman
42:04 Squires
43:30 Chain Barding Armor
43:11 Bracer
44:08 Conscription
43:12 Hussar
43:17 Capped Ram
44:06 Heavy Plow
45:41 Elite Mangudai
47:53 Iron Casting
48:21 Chemistry
47:55 Siege Ram
48:52 Bow Saw
49:45 Drill
SanjiJose
7:59 Loom
10:20 Feudal Age
11:20 Double-Bit Axe
11:52 Man-at-Arms
13:21 Horse Collar
18:30 Castle Age
18:48 Forging
18:39 Scale Mail Armor
21:03 Wheelbarrow
30:22 Bow Saw
29:38 Pikeman
34:31 Imperial Age
34:31 Chemistry
33:48 Squires
34:49 Halberdier
35:15 Arson
37:34 Hand Cart
38:24 Iron Casting
38:04 Chain Mail Armor
37:40 Fletching
40:55 Long Swordsman
42:46 Ballistics
50:08 Blast Furnace
49:38 Plate Mail Armor
49:09 Padded Archer Armor
51:45 Wagenburg Tactics
nosta24k
7:20 Loom
9:26 Feudal Age
17:12 Castle Age
16:07 Fletching
17:21 Double-Bit Axe
17:18 Horse Collar
19:14 Bodkin Arrow
25:32 Elite Skirmisher
26:11 Stone Mining
26:30 Town Watch
28:11 Wheelbarrow
28:21 Forging
31:42 Husbandry
32:01 Bloodlines
33:02 Padded Archer Armor
33:13 Forging
33:09 Scale Barding Armor
36:39 Ballistics
36:17 Murder Holes
38:24 Leather Archer Armor
38:10 Scale Mail Armor
42:49 Inquisition
49:13 Imperial Age
47:31 Iron Casting
47:12 Chain Mail Armor
47:02 Scale Barding Armor
47:30 Redemption
52:15 Cavalier
edixozambrano94
10:44 Feudal Age
12:16 Man-at-Arms
12:59 Double-Bit Axe
17:26 Bloodlines
20:16 Horse Collar
20:49 Forging
20:41 Scale Mail Armor
20:49 Scale Barding Armor
21:42 Town Watch
25:06 Castle Age
22:55 Town Watch
27:21 Town Patrol
27:28 Gold Mining
27:51 Stone Mining
30:23 Bow Saw
31:45 Wheelbarrow
32:17 Fervor
36:28 Ballistics
38:46 Imperial Age
36:34 Hand Cart
36:53 Redemption
38:44 Ironclad
40:01 Iron Casting
39:27 Padded Archer Armor
39:18 Fletching
39:44 Chain Mail Armor
39:49 Chain Barding Armor
39:59 Long Swordsman
40:25 Gambesons
41:42 Crenellations
42:33 Chemistry
41:54 Ballistics
41:05 Two-Handed Swordsman
42:53 Block Printing
42:37 Champion
46:12 Sanctity
45:18 Elite Teutonic Knight
45:22 Cavalier
48:09 Blast Furnace
47:08 Bodkin Arrow
47:29 Leather Archer Armor
48:34 Plate Barding Armor
48:52 Paladin
Richicuc
9:18 Feudal Age
12:24 Double-Bit Axe
18:21 Wheelbarrow
19:12 Forging
19:02 Padded Archer Armor
22:35 Castle Age
20:48 Gold Mining
22:39 Capped Ram
23:57 Scale Barding Armor
25:03 Chain Barding Armor
25:15 Forging
27:32 Bloodlines
28:25 Bow Saw
29:56 Iron Casting
29:53 Loom
30:42 Hand Cart
37:43 Imperial Age
37:03 Stone Mining
37:48 Gold Shaft Mining
37:47 Elite Steppe Lancer
39:35 Chemistry
38:57 Ballistics
49:18 Elite Skirmisher
50:06 Thumb Ring
Connection lost

Rejoining the realm…

Still unreachable

The connection could not be restored.

Session expired

The server has moved on; the page needs a fresh start.